 Dungeon Crawl Stone Soup version 0.27.1-33-g824d729ab1 (webtiles) character file.

Game seed: 10874195905934913718

954 pkoi the Insei (level 7, -5/50 HPs)
             Began as a Grey Draconian Air Elementalist on Dec 15, 2021.
             Splashed by an acid dragon's acid (8 damage)
             ... on level 5 of the Dungeon.
             The game lasted 00:07:36 (6779 turns).

pkoi the Insei (Grey Draconian Air Elementalist)    Turns: 6779, Time: 00:07:37

Health: -5/50      AC:  7    Str: 10    XL:     7   Next: 90%
Magic:  13/13      EV: 12    Int: 17    God:
Gold:   246        SH:  0    Dex: 12    Spells: 6/14 levels left

rFire    . . .     SeeInvis .   h - +3 dagger (venom)
rCold    . . .     Faith    .   (no shield)
rNeg     . . .     Spirit   .   (armour unavailable)
rPois    +         Reflect  .   (helmet restricted)
rElec    .         Harm     .   (no cloak)
rCorr    .         Rampage  .   (no gloves)
Will     .....                  (no boots)
Stlth    +.........             (no amulet)
HPRegen  0.16/turn              a - ring of poison resistance
MPRegen  0.13/turn              (no ring)

@: lit by a corona, corroded, glowing
A: AC +11, amphibious, unfitting armour, cold-blooded
a: no special abilities


You were on level 5 of the Dungeon.
You visited 1 branch of the dungeon, and saw 5 of its levels.

You collected 246 gold pieces.

Inventory:

Hand Weapons
 b - a +1 dagger of venom
 h - a +3 dagger of venom (weapon)
 k - a +0 quick blade
Missiles
 n - a throwing net
Jewellery
 a - a ring of poison resistance (left hand)
Wands
 d - a wand of mindburst (11)
Scrolls
 f - 2 scrolls of blinking {unknown}
 i - a scroll of fog {unknown}
 j - a scroll of acquirement {unknown}
 l - 2 scrolls of enchant weapon {unknown}
 o - 2 scrolls of torment {unknown}
 q - a scroll of identify {unknown}
Potions
 c - 2 potions of haste {unknown}
 e - 2 potions of brilliance {unknown}
 g - 2 potions of flight {unknown}
 m - a potion of ambrosia {unknown}
 p - a potion of magic {unknown}


   Skills:
 - Level 1.7 Dodging
 - Level 1.7 Stealth
 + Level 4.9 Unarmed Combat
 - Level 4.0 Spellcasting
 * Level 4.7 Conjurations
 + Level 4.2 Air Magic


You had 6 spell levels left.
You knew the following spells:

 Your Spells              Type           Power      Damage    Failure   Level
a - Shock                 Conj/Air       72%        1d7       2%          1
b - Swiftness             Air            17%        N/A       9%          3
c - Airstrike             Air            8%         N/A       26%         4

Your spell library contained the following spells:

 Spells                   Type           Power      Damage    Failure   Level
 Static Discharge         Conj/Air       18%        N/A       3%          2
 Foxfire                  Conj/Fire      44%        2x1d6     6%          1
 Conjure Flame            Conj/Fire      11%        6-21      19%         3
 Inner Flame              Hex/Fire       3%         N/A       43%         3
 Summon Guardian Golem    Hex/Summ       3%         N/A       43%         3
 Orb of Destruction       Conj           9%         9d4       100%        7
 Spellforged Servitor     Conj/Summ      5%         N/A       100%        7


Dungeon Overview and Level Annotations

Branches:
Dungeon (5/15)
 Temple: D:4-7

Altars:
Elyvilon
Kikubaaqudgha
Yredelemnul

Annotations:
D:5 Dowan, Duvessa


Innate Abilities, Weirdness & Mutations

Your dull iron-grey scales are very hard. (AC +11)
You are amphibious.
You cannot fit into any form of body armour.
You are cold-blooded and may be slowed by cold attacks.


Message History

The acid dragon claws you.
You hit the acid dragon but do no damage.
The acid dragon is moderately wounded.
The acid dragon barely misses you. The acid dragon claws you.
Unknown command.
You hit the acid dragon.
The acid dragon is heavily wounded.
The acid dragon barely misses you. x2
You barely miss the acid dragon.
The acid dragon is heavily wounded.
The acid dragon misses you.
The acid dragon claws you but does no damage.
You hit the acid dragon but do no damage.
The acid dragon is poisoned.
The acid dragon is heavily wounded.
The acid dragon spits acid at you. The splash of acid hits you!
The acid corrodes you!
You are splashed with acid!
* * * LOW HITPOINT WARNING * * *
You hit the acid dragon but do no damage.
You tail-slap the acid dragon, but do no damage.
The acid dragon is heavily wounded.
Duvessa says, "When magic and the sword combine, nothing stands against them."
The acid dragon bites you but does no damage.
The acid dragon claws you but does no damage.
Unknown command.
You hit the acid dragon but do no damage.
The acid dragon is heavily wounded.
Dowan gestures at you while chanting.
You are outlined in light.
The acid dragon bites you but does no damage.
The acid dragon claws you but does no damage.
The acid dragon misses you. The acid dragon claws you.
* * * LOW HITPOINT WARNING * * *
Found 22 stones.
Duvessa says, "When magic and the sword combine, nothing stands against them."
The acid dragon spits acid at you. The splash of acid hits you!
* * * LOW HITPOINT WARNING * * *
You are splashed with acid!
You die...

#.# #.#.#..### #.
#.........
#..≈≈≈≈≈≈§
#..≈..§§..
#[####..≈.≈§§≈§
#.....#.≈.§§§§≈
######..≈.≈.§§§
#########..≈.§...≈
.(.....@.D.≈e≈≈≈≈§
#########..≈e.....
#..≈≈≈≈≈≈≈
#.........
#.......$.
##########


You could see Duvessa, an acid dragon (poisoned, catching breath) and Dowan.

Vanquished Creatures
  Sigmund (D:3)
  A black bear (D:5)
  A sky beast (D:5)
  2 ogres
  2 scorpions
  2 hounds
  A bullfrog skeleton (D:4)
  An iguana (D:5)
  2 hound skeletons (D:4)
  3 gnolls (D:4)
  8 adders
  An ufetubus (D:4)
  An adder skeleton (D:4)
  4 worms
  A dart slug (D:2)
  9 endoplasms
  3 giant cockroaches
  7 hobgoblins
  8 jackals
  3 quokkas
  8 ball pythons
  5 bats
  5 frilled lizards
  8 goblins
  4 kobolds
  2 rats (D:3)
93 creatures vanquished.

Notes
Turn   | Place    | Note
-------+----------+-------------------------------------------
     0 | D:1      | pkoi the Draconian Air Elementalist began the quest for the
                  | Orb.
     0 | D:1      | Reached XP level 1. HP: 14/14 MP: 3/3
   176 | D:1      | Reached skill level 1 in Unarmed Combat
   286 | D:1      | Reached XP level 2. HP: 9/20 MP: 1/5
  1006 | D:1      | Found a faded altar of an unknown god.
  1111 | D:1      | Reached XP level 3. HP: 25/26 MP: 6/6
  1115 | D:1      | Learned a level 3 spell: Swiftness
  2126 | D:2      | Reached XP level 4. HP: 3/33 MP: 7/7
  2848 | D:2      | Found a basalt altar of Yredelemnul.
  3399 | D:3      | Noticed Sigmund
  4059 | D:3      | Killed Sigmund
  4060 | D:3      | Reached XP level 5. HP: 5/38 MP: 7/9
  4512 | D:3      | Reached XP level 6. HP: 36/45 MP: 10/10
  5782 | D:4      | Your scales start taking on a dull iron-grey colour.
  5782 | D:4      | Reached XP level 7. HP: 46/50 MP: 12/12
  5957 | D:4      | Found an ancient bone altar of Kikubaaqudgha.
  6394 | D:5      | Entered Level 5 of the Dungeon
  6605 | D:5      | Learned a level 4 spell: Airstrike
  6738 | D:5      | Found a white marble altar of Elyvilon.
  6767 | D:5      | Noticed Duvessa
  6770 | D:5      | Noticed Dowan
  6779 | D:5      | Splashed by an acid dragon's acid

Illustrated notes

Levels and vault maps discovered:
D:1:      minmay_arrival_four_houses, layout_basic,
          hellmonk_ecumenical_altar_slurped_away
D:2:      layout_basic, basic_altar, kennysheep_big_empty_room
D:3:      layout_basic, uniq_sigmund
D:4:      layout_basic, kiku_gazebo_pond_becter
D:5:      layout_loops_ring, mainiacjoe_overflow_concentric_impassable,
          minmay_temple_entry_junction_2, serial_shops,
          nicolae_shop_temple_entry_statues_fountains, uniq_duvessa

Skill      XL: |  1  2  3  4  5  6  7 |
---------------+----------------------+-----
Unarmed Combat | 1 2 3 4 |  4.9
Conjurations   | 2 3 4 |  4.7
Air Magic      | 4 3 4 |  4.2
Spellcasting   | 3 4 |  4.0
Dodging        | |  1.7
Stealth        | |  1.7

Action                   |  1- 3 |  4- 6 |  7- 9 || total
-------------------------+-------+-------+-------++-------
Melee: Unarmed           |    43 |       |       ||    43
       Tailslap          |    14 |    11 |     4 ||    29
       Dagger            |   100 |   140 |    73 ||   313
       Punch             |     1 |       |     1 ||     2
 Cast: Shock             |     2 |       |       ||     2
  Use: Potion            |     1 |       |       ||     1
       Scroll            |       |     1 |       ||     1
 Stab: Sleeping          |     1 |       |     2 ||     3
Armor: Skin              |    38 |    40 |    33 ||   111
Dodge: Dodged            |    89 |    89 |    51 ||   229
